AoeStats
← 懿

Fortress

507217127Analyzed
4v4 RM · 15d ago on Sep 17, 2026· 39m 31s· 8 players
Game mode
Random Map
Map size
Huge
Population
200
Speed
Normal
Resources
Standard
Victory
Conquest
Starting age
Dark Age
Ending age
Imperial Age
RankedLock teamsTeams togetherTeam positionsShared explorationLock speedFull tech treeHidden civsTurbo modeCheats
Victory
Defeat
🇹🇷 Saracens · Türkiye
1079
+15
🇹🇼 Goths · Taiwan
1056
+16
🇲🇽 Vietnamese · Mexico
1051
+16
1047
+16
🇨🇳 Saracens · China
1126
-18
🇨🇳 Mongols · China
1123
-18
🇨🇳 Cumans · China
1011
-14
🇨🇳 Byzantines · China
974
-13
Finn The Human
8:32 Feudal Age
9:12 Double-Bit Axe
12:33 Castle Age
10:33 Loom
11:38 Scale Barding Armor
14:02 Horse Collar
16:21 Bow Saw
21:08 Wheelbarrow
21:21 Heavy Plow
23:10 Hand Cart
25:43 Imperial Age
23:30 Gold Mining
24:03 Forging
24:06 Husbandry
24:44 Bloodlines
25:56 Town Watch
26:55 Gold Shaft Mining
26:13 Stone Mining
25:55 Heavy Camel Rider
26:59 Chain Barding Armor
28:00 Iron Casting
29:11 Plate Barding Armor
29:10 Conscription
29:13 Town Patrol
30:04 Elite Mameluke
31:46 Hoardings
32:43 Blast Furnace
32:33 Fletching
33:49 Chemistry
34:25 Ballistics
Bristlak z teba narobi pretlak
7:39 Feudal Age
12:45 Castle Age
13:17 Double-Bit Axe
14:13 Loom
19:55 Scale Mail Armor
21:26 Forging
22:44 #83
24:27 Iron Casting
25:24 Wheelbarrow
32:07 Imperial Age
30:26 Chain Mail Armor
30:46 Arson
31:02 Squires
33:53 Blast Furnace
34:46 Elite Throwing Axeman
39:11 Conscription
懿
7:46 Feudal Age
12:06 Castle Age
10:42 Horse Collar
10:50 Double-Bit Axe
15:22 Heavy Plow
18:31 Bow Saw
20:45 Wheelbarrow
19:56 Loom
22:36 Hand Cart
23:45 Gold Mining
23:45 Stone Mining
24:42 Forging
24:32 Scale Mail Armor
28:13 Imperial Age
27:18 Iron Casting
26:59 Chain Mail Armor
27:15 Anarchy
27:59 Pikeman
28:40 Squires
28:01 Man-at-Arms
29:39 Crop Rotation
30:15 Blast Furnace
29:20 Elite Huskarl
30:41 Perfusion
32:38 Long Swordsman
32:39 Halberdier
34:10 Two-Handed Swordsman
oOoOo_oO
7:10 Feudal Age
12:25 Castle Age
10:28 Double-Bit Axe
10:38 Gold Mining
11:42 Horse Collar
12:26 Crossbowman
12:57 Fletching
13:31 Loom
14:23 Wheelbarrow
15:20 Hand Cart
16:10 Town Watch
17:40 Bodkin Arrow
18:48 Padded Archer Armor
19:56 Leather Archer Armor
20:51 Town Patrol
21:07 Heavy Plow
27:58 Imperial Age
28:24 Thumb Ring
27:59 Arbalester
29:32 Bracer
32:42 Ring Archer Armor
32:35 Ballistics
33:16 Chemistry
34:44 Bow Saw
35:40 Paper Money
redwolfliu
7:09 Feudal Age
7:38 Double-Bit Axe
7:38 Horse Collar
13:38 Castle Age
12:24 Loom
13:16 Wheelbarrow
16:14 Bow Saw
16:07 Heavy Plow
16:42 Gold Mining
17:49 Stone Mining
19:39 Hand Cart
25:25 Imperial Age
23:25 Bloodlines
23:07 Fletching
24:01 Husbandry
23:57 Bodkin Arrow
24:18 Padded Archer Armor
25:23 Ballistics
26:01 Leather Archer Armor
25:52 Scale Barding Armor
25:54 Thumb Ring
26:39 Gold Shaft Mining
26:45 Conscription
26:46 Bracer
27:07 Light Cavalry
28:37 Scale Barding Armor
30:52 Chain Barding Armor
29:55 Hussar
31:55 Forging
32:42 Stone Shaft Mining
34:26 Chemistry
33:52 Parthian Tactics
35:50 Iron Casting
36:05 Elite Mangudai
coco kitty
8:23 Feudal Age
15:21 Castle Age
16:00 Double-Bit Axe
20:15 Bow Saw
21:31 Steppe Husbandry
23:12 Bloodlines
24:36 Wheelbarrow
26:13 Elite Skirmisher
27:18 Hand Cart
27:56 Gold Mining
31:47 Imperial Age
34:59 Light Cavalry
Vtinglove
6:39 Loom
9:09 Feudal Age
13:16 Castle Age
11:07 Double-Bit Axe
12:34 Horse Collar
14:19 Bow Saw
14:11 Heavy Plow
23:39 Wheelbarrow
22:49 Town Watch
25:40 Stone Mining
25:40 Gold Mining
27:20 Caravan
28:08 Hand Cart
31:16 Imperial Age
29:24 Gold Shaft Mining
29:30 Forging
29:25 Scale Barding Armor
29:39 Hand Cart
30:46 Iron Casting
30:37 Fortified Wall
30:48 Ballistics
32:51 Elite Mameluke
34:02 Conscription
33:48 Husbandry
34:08 Bloodlines
34:41 Chain Barding Armor
35:21 Blast Furnace
34:06 Light Cavalry
36:15 Plate Barding Armor
35:16 Hussar
37:23 Hoardings
38:50 Counterweights
38:14 Onager
TaiwanIsChina's
7:44 Feudal Age
9:25 Double-Bit Axe
16:23 Castle Age
14:48 Stone Mining
15:13 Horse Collar
17:21 Bow Saw
20:24 Fortified Wall
21:55 Wheelbarrow
23:44 Heavy Plow
28:01 Imperial Age
25:33 Fletching
25:46 Elite Skirmisher
27:04 Pikeman
27:45 Squires
29:52 Chemistry
29:13 Ballistics
30:15 Gold Mining
30:01 Halberdier
33:28 Hoardings
34:49 Conscription
36:14 Two-Man Saw
35:33 Hand Cart
35:43 Scale Mail Armor
35:54 Forging
36:55 Chain Mail Armor
36:44 Loom
37:57 Iron Casting
39:46 Plate Mail Armor
Connection lost

Rejoining the realm…

Still unreachable

The connection could not be restored.

Session expired

The server has moved on; the page needs a fresh start.